cohdb
Replays
Latest Replays
All Replays
Popular Replays
Top Player Replays
Match Explorer
How It Works
Community
CoH3 Stats
Reddit
Sign in to upload your games and track your stats! →
Sign in with Steam
BunkerLand - Allies Win stopped at 6 VP Left !
Match 15873005
Overview
Messages
Build Orders
End
Pioneer Squad
Construct Infanterie Kompanie
Selects Italian Coastal Battlegroup
Selects Coastal Reserves
Coastal Reserve
MG 42 Machine Gun Team
Medical Station
Coastal Reserve
Selects Support Bunkers
MG 42 Bunker
Kettenkrad Recon Vehicle
Construct Panzergrenadier Kompanie
Medical Bunker
GrW 34 Mortar Team
Selects Designated Artillery Overwatch
Designated Artillery Overwatch
Selects Bulwark
MG 42 Bunker
Designated Artillery Overwatch
Construct Panzer Kompanie
Designated Artillery Overwatch
Selects Artillery Officer
Selects Coastal Wall
Artillery Officer
Anti-tank Bunker
Panzer IV Medium Tank
Stoßtruppen Squad
Designated Artillery Overwatch
Designated Artillery Overwatch
Panzer IV Medium Tank
Panzer IV Medium Tank
Medical Bunker
Designated Artillery Overwatch
Stoßtruppen Squad
Artillery Officer
MG 42 Bunker
Construct Luftwaffe Kompanie
Designated Artillery Overwatch
Support Elements
Wirbelwind Flakpanzer
Hazard
Capitalism
花开的时候你就来看我
✠ ACHELION
Arne
978790937
Steven Stone
tinoMooNcHee`-
0
0
Comments
sign in to comment!
No comments posted yet!